 Dungeon Crawl Stone Soup version 0.30-a0-711-gf4ac18a38d (webtiles) character file.

Game seed: 8125613347668408972

220 bande the Shield-Bearer (level 5, -7/33 HPs)
             Began as a Gargoyle Fighter on Jan 22, 2023.
             Was an Initiate of Okawaru.
             Mangled by an ogre
             ... wielding a +0 giant club
              (17 damage)
             ... on level 4 of the Dungeon.
             The game lasted 00:07:25 (3110 turns).

bande the Shield-Bearer (Gargoyle Fighter)          Turns: 3110, Time: 00:07:26

Health: -7/33      AC: 15    Str: 19    XL:     5   Next: 97%
Magic:  5/5        EV:  9    Int:  9    God:    Okawaru [......]
Gold:   264        SH:  9    Dex: 11    Spells: 4/4 levels left

rFire   . . .      SeeInvis .    a - +1 war axe (spect)
rCold   . . .      Faith    .    c - +0 buckler
rNeg    + . .      Spirit   .    b - +0 scale mail
rPois   ∞          Reflect  +    s - +2 helmet
rElec   +          Harm     .    (no cloak)
rCorr   .          Rampage  .    (no gloves)
Will    .....                    e - +0 pair of boots Stlth
                                 g - amulet of reflection
HPRegen 0.25/turn                (no ring)
MPRegen 0.09/turn                (no ring)

@: no status effects
A: sickness immunity, AC +4, negative energy resistance 1, electricity
resistance, torment resistance 1, petrification resistance
a: Renounce Religion


You were on level 4 of the Dungeon.
You worshipped Okawaru.
Okawaru was noncommittal.
You visited 2 branches of the dungeon, and saw 5 of its levels.

You collected 264 gold pieces.

Inventory:

Hand Weapons
 a - a +1 spectral war axe (weapon)
Armour
 b - a +0 scale mail (worn)
 c - a +0 buckler (worn)
 e - a +0 pair of boots (worn)
 s - a +2 helmet (worn)
Jewellery
 g - an amulet of reflection (around neck)
 r - a ring of fire
Wands
 h - a wand of flame (28)
Scrolls
 f - a scroll of teleportation {unknown}
 k - 2 scrolls of identify
 l - a scroll of enchant weapon
Potions
 d - 3 potions of might
 i - a potion of mutation {unknown}
 m - a potion of invisibility {unknown}
 n - a potion of curing {unknown}
 o - a potion of lignification {unknown}
 p - a potion of heal wounds {unknown}


   Skills:
 + Level 4.0 Fighting
 + Level 4.0 Axes
 + Level 4.1 Armour
 + Level 4.1 Shields
 * Level 0.5 Invocations


You had 4 spell levels left.
You didn't know any spells.
Your spell library contained the following spells:

 Spells                   Type           Power      Damage    Failure   Level
 Necrotise                Necr           0%         1d4       83%         1
 Scorch                   Fire           0%         2d5       93%         2
 Dazzling Flash           Conj/Hex       0%         N/A       99%         3
 Vampiric Draining        Necr           0%         2d6       99%         3
 Flame Wave               Conj/Fire      0%         2d4       100%        4
 Agony                    Necr           0%         N/A       100%        5
 Silence                  Hex/Air        0%         N/A       100%        5
 Summon Cactus Giant      Summ           Unusable   N/A       N/A         6

Dungeon Overview and Level Annotations

Branches:
Dungeon (4/15)             Temple (1/1) D:4

Altars:
Cheibriados
Elyvilon
Gozag
Kikubaaqudgha
Nemelex Xobeh
Okawaru
Qazlal
Uskayaw
Vehumet
Xom
Zin

Shops:
D:2 =**


Innate Abilities, Weirdness & Mutations

You are immune to sickness and miasma.
Your stone body is resilient. (AC +4)
You are immune to poison.
You resist negative energy. (rN+)
You are resistant to electric shocks. (rElec)
You are resistant to unholy torment.
You are immune to petrification.


Message History

There is an open door here.
You open the door.
Found a stone staircase leading down.
No target in view!
There is an open door here.
You open the door.
There is an open door here.
There is an open door here.
Found an escape hatch in the floor.
There is an escape hatch in the floor here.
You now have 264 gold pieces (gained 17).
An ogre comes into view. It is wielding a +0 giant club.
The ogre shouts!
The ogre hits you with a +0 giant club!
You hit the ogre but do no damage. The ogre closely misses you.
You closely miss the ogre. The ogre hits you with a +0 giant club!
You are too injured to fight recklessly!
You are too injured to fight recklessly!
You are too injured to fight recklessly!
You are too injured to fight recklessly!
You are too injured to fight recklessly!
You are too injured to fight recklessly!
You are too injured to fight recklessly!
You hit the ogre.
The ogre is lightly wounded.
You barely miss the ogre.
The ogre is lightly wounded.
The ogre hits you with a +0 giant club.
* * * LOW HITPOINT WARNING * * *
You barely miss the ogre.
The ogre is lightly wounded.
The ogre completely misses you.
You barely miss the ogre.
The ogre is lightly wounded.
You block the ogre's attack.
You hit the ogre.
The ogre is moderately wounded.
The ogre hits you with a +0 giant club!
Ouch! That really hurt!
You die...

### ..# #.# #.#
####.# #
#....###.#
#@###....#
#O###.####
#...#.#######
###>#..>....#
#.#######.######
#.#### #.##....
#....####.##....
#.##...##.##....
###'####.....'....


You could see an ogre.

Vanquished Creatures
  An orc priest (D:4)
  An orc wizard (D:4)
  7 adders
  An ufetubus (D:4)
  A dart slug (D:4)
  A worm (D:2)
  13 orcs
  2 bats (D:1)
  5 endoplasms
  4 giant cockroaches
  9 hobgoblins
  10 kobolds
  6 quokkas
  8 ball pythons
  3 frilled lizards
  4 goblins
  3 rats
79 creatures vanquished.

Vanquished Creatures (others)
  8 plants (D:2)
8 creatures vanquished.

Grand Total: 87 creatures vanquished

Notes
Turn   | Place    | Note
-------+----------+-------------------------------------------
     0 | D:1      | bande the Gargoyle Fighter began the quest for the Orb.
     0 | D:1      | Reached XP level 1. HP: 14/14 MP: 1/1
    18 | D:1      | Found a faded altar of an unknown god.
   114 | D:1      | Reached XP level 2. HP: 16/19 MP: 2/2
   279 | D:1      | Reached XP level 3. HP: 23/23 MP: 3/3
   698 | D:2      | Found Cios's General Store.
   845 | D:2      | Found Senwov's Assorted Antiques.
   863 | D:2      | Reached XP level 4. HP: 27/29 MP: 4/4
  1351 | D:2      | Found Kutiumn's Jewellery Emporium.
  1632 | D:3      | Reached XP level 5. HP: 33/33 MP: 5/5
  2607 | D:4      | Found a hide-covered altar of Uskayaw.
  2828 | D:4      | Found a staircase to the Ecumenical Temple.
  2839 | Temple   | Entered the Ecumenical Temple
  2883 | Temple   | Became a worshipper of Warmaster Okawaru
  3102 | D:4      | Noticed an ogre
  3110 | D:4      | Mangled by an ogre

Illustrated notes

Levels and vault maps discovered:
D:1:      dpeg_arrival_refuge, layout_basic,
          hellmonk_ecumenical_altar_pennies_from_heaven
D:2:      layout_loops_cross, serial_forest, infiniplex_forest_straight_2,
          infiniplex_forest_clump_double, infiniplex_forest_lined_ring,
          infiniplex_forest_lined_1, infiniplex_forest_straight_4,
          infiniplex_forest_straight_1, serial_shops, nicolae_shop_stone,
          nicolae_shop_trees, nicolae_shop_stone, minmay_misc_feat_five,
          minmay_misc_feat_rows, serial_bayou_pond_e
D:3:      layout_rooms
D:4:      layout_basic, amcnicky_altar_gilded, minmay_temple_entry_mini_moons,
          chequers_serial_rivers_small_b
Temple:   regret_index_temple_chain_breaker

Skill      XL: |  1  2  3  4  5 |
---------------+----------------+-----
Axes           | 2 3 4 |  4.0
Armour         | 4 |  4.1
Shields        | 4 |  4.1
Fighting       | 4 |  4.0
Invocations    | |  0.5

Action                     |  1- 3 |  4- 6 || total
---------------------------+-------+-------++-------
  Melee: War axe           |    95 |   123 ||   218
    Use: Scroll            |       |     7 ||     7
 Armour: Scale mail        |    52 |    56 ||   108
  Dodge: Dodged            |    37 |    51 ||    88
  Block: Buckler           |    43 |    71 ||   114

Table legend: (Time is in decaauts)
 A = Elapsed time spent in this place.
 B = Non-inter-level travel time spent in this place.
 C = Inter-level travel time spent in this place.
 D = Time resting spent in this place.
 E = Time spent auto-exploring this place.
 F = Levels seen in this place.
 G = Mean time per level.
                   A        B        C        D        E       F      G
               +--------+--------+--------+--------+--------+-----+--------+
         Total |   3199 |   3135 |     64 |    520 |   1820 |   5 |  639.8 |
       Dungeon |   3132 |   3081 |     51 |    520 |   1789 |   4 |  783.0 |
        Temple |     66 |     53 |     13 |      0 |     31 |   1 |   66.0 |
               +--------+--------+--------+--------+--------+-----+--------+

Top non-repeatable levels by time:
     D:4: 901 daAuts
     D:2: 790 daAuts
     D:1: 723 daAuts
     D:3: 717 daAuts
  Temple: 66 daAuts
